 Dungeon Crawl Stone Soup version 0.21.1-1-g345015f (webtiles) character file.

576 tidbits the Charmwright (level 7, 56/56 HPs)
             Began as a Gnoll Skald on June 22, 2018.
             Quit the game in the Ecumenical Temple.
             The game lasted 00:06:01 (656 turns).

tidbits the Charmwright (Gnoll Skald)                Turns: 656, Time: 00:06:02

Health: 56/56      AC:  3    Str: 14    XL:     7   Next: 35%
Magic:  13/15      EV: 14    Int: 17    God:
Gold:   76         SH:  0    Dex: 14    Spells: 6/17 levels left

rFire    . . .     SeeInvis .   a - +0 war axe
rCold    . . .     Gourm    .   (no shield)
rNeg     . . .     Faith    .   b - +0 leather armour
rPois    .         Spirit   .   (no helmet)
rElec    .         Reflect  .   (no cloak)
rCorr    .         Harm     .   (no gloves)
MR       .....                  (no boots)
Stlth    ++........             (no amulet)
HPRegen  0.18/turn              W - ring of wizardry
MPRegen  0.14/turn              (no ring)

@: no status effects
A: distributed training, fangs 1, strong nose
a: no special abilities


You were in the Ecumenical Temple.
You were not hungry.

You visited 2 branches of the dungeon, and saw 7 of its levels.

You collected 76 gold pieces.

Inventory:

Hand Weapons
 a - a +0 war axe (weapon)
 j - a +0 hand axe
 k - a +0 shortbow
Missiles
 f - 23 stones
 l - 13 arrows
 m - an exploding tomahawk (quivered)
Armour
 b - a +0 leather armour (worn)
Jewellery
 W - a ring of wizardry (left hand)
   (You found it on level 3 of the Dungeon)
Scrolls
 e - a scroll of teleportation {unknown}
 g - a scroll of noise {unknown}
 i - a scroll of remove curse {unknown}
Books
 c - a book of Battle

   Spells                             Type                      Level
   a - Infusion                       Charms                       1
   b - Shroud of Golubria             Charms/Translocation         2
   c - Song of Slaying                Charms                       2
   d - Spectral Weapon                Hexes/Charms                 3
   e - Regeneration                   Charms/Necromancy            3
Comestibles
 d - 3 rations


   Skills:
 + Level 5.2 Fighting
 + Level 2.3 Short Blades
 + Level 2.3 Long Blades
 + Level 5.2 Axes
 + Level 2.3 Maces & Flails
 + Level 2.3 Polearms
 + Level 2.3 Staves
 + Level 2.3 Slings
 + Level 2.3 Bows
 + Level 2.3 Crossbows
 + Level 2.3 Throwing
 + Level 3.5 Armour
 + Level 5.2 Dodging
 + Level 2.3 Stealth
 + Level 2.3 Shields
 + Level 2.3 Unarmed Combat
 + Level 5.5 Spellcasting
 + Level 1.9 Conjurations
 + Level 1.9 Hexes
 + Level 5.8 Charms
 + Level 1.9 Summonings
 + Level 1.9 Necromancy
 + Level 1.9 Translocations
 + Level 1.9 Transmutations
 + Level 1.9 Fire Magic
 + Level 1.9 Ice Magic
 + Level 1.9 Air Magic
 + Level 1.9 Earth Magic
 + Level 1.9 Poison Magic
 + Level 2.6 Invocations
 + Level 2.3 Evocations


You had 6 spell levels left.
You knew the following spells:

 Your Spells              Type           Power        Failure   Level  Hunger
g - Shroud of Golubria    Chrm/Tloc      ###.......   1%          2    #......
i - Infusion              Chrm           ###.         1%          1    None
r - Regeneration          Chrm/Necr      ###.......   4%          3    ##.....
w - Spectral Weapon       Hex/Chrm       ###.....     4%          3    ##.....
y - Song of Slaying       Chrm           ###.....     1%          2    #......


Dungeon Overview and Level Annotations

Branches:
Dungeon (6/15)             Temple (1/1) D:6

Altars:
Elyvilon
Gozag
Hepliaklqana
Makhleb
Okawaru
Qazlal
Ru
Sif Muna
Uskayaw
Vehumet
Xom
Zin
The Shining One


Innate Abilities, Weirdness & Mutations

Your experience applies equally to all skills.
You have very sharp teeth.
Your uncanny sense of smell can sniff out nearby items.


Message History

Theblackcape's ghost is almost destroyed.
You hit the crimson imp.
Your spectral weapon barely misses theblackcape's ghost.
Your spectral weapon hits the white imp!
You kill the white imp!
Theblackcape's ghost hits you!
* * * LOW HITPOINT WARNING * * *
The crimson imp barely misses you.
You slash theblackcape's ghost!
You destroy theblackcape's ghost!
The white imp disappears in a puff of smoke!
The crimson imp disappears in a puff of smoke!
You have reached level 7!
Casting: Shroud of Golubria
Confirm with . or Enter, or press ? or * to list all spells.
Your skin crawls.
There is an open door here.
Your spectral weapon fades away.
Unknown command.
Casting: Regeneration
Confirm with . or Enter, or press ? or * to list all spells.
Your skin crawls.
Unknown command.
Found a stone staircase leading down.
Found a scroll labeled XAFUANY NEGGISH.
You see here a scroll labeled XAFUANY NEGGISH.
g - a scroll labeled XAFUANY NEGGISH
There is a stone staircase leading down here.
You climb downwards.
Found 24 gold pieces.
Found an escape hatch in the ceiling.
There is a stone staircase leading up here.
Unknown command.
You see here 14 gold pieces.
You now have 76 gold pieces (gained 14).
There is an escape hatch in the ceiling here.
Your skin is crawling a little less now.
A mysterious force pulls you upwards. The hatch slams shut behind you.
Found 18 bolts.
Unknown command.
You feel a little less mighty now.
Your skin stops crawling.
A quokka comes into view.
Found a stone staircase leading down.
The quokka closely misses you.
You hit the quokka.
The quokka is severely wounded.
The quokka closely misses you. The quokka bites you.
You miss the quokka.
The quokka is severely wounded.
The quokka bites you but does no damage.
You closely miss the quokka. You bite the quokka, but do no damage.
The quokka is severely wounded.
The quokka misses you. The quokka bites you.
You closely miss the quokka.
The quokka is severely wounded.
The quokka misses you.
You slash the quokka!
You kill the quokka!
You open the door.
A crimson imp comes into view.
The crimson imp shouts!
Found 16 stones.
Casting: Regeneration
Confirm with . or Enter, or press ? or * to list all spells.
You draw out your weapon's spirit!
The crimson imp closely misses you. The crimson imp barely misses you.
Found 17 sling bullets.
There is a stone staircase leading down here.
You slash the crimson imp!
The crimson imp is heavily wounded.
Your spectral weapon hits the crimson imp!
You kill the crimson imp!
You climb downwards.
Your summoned ally is left behind.
Your spectral weapon fades away.
Found a scroll labeled UREANTUIMN.
Found a staircase to the Ecumenical Temple.
There is a stone staircase leading up here.
You found a teleport trap!
A jackal skeleton comes into view.
There is a staircase to the Ecumenical Temple here.
You climb downwards.
Welcome to the Ecumenical Temple!
Found a shimmering altar of Xom.
There is a staircase back to the Dungeon here.
Unknown command.
You enter the shallow water.
Moving in this stuff is going to be slow.
Found a glowing golden altar of the Shining One and an iron altar of Okawaru.
You enter the shallow water.
Moving in this stuff is going to be slow.
Found a stormy altar of Qazlal and a sacrificial altar of Ru.
You enter the shallow water.
Moving in this stuff is going to be slow.
You enter the shallow water.
Moving in this stuff is going to be slow.
Found a glowing silver altar of Zin.
Found an opulent altar of Gozag and a white marble altar of Elyvilon.
You enter the shallow water.
Moving in this stuff is going to be slow.
Found a radiant altar of Vehumet.
Are you sure you want to abandon this character and quit the game? (Confirm with "yes".)

≈≈≈≈≈≈≈≈≈≈≈≈≈≈≈≈≈≈≈≈≈≈≈≈
≈≈≈≈≈≈≈≈≈≈≈≈≈≈≈≈≈≈≈≈≈≈≈≈
≈≈≈≈≈≈≈≈≈≈≈≈≈≈≈≈≈≈≈≈≈≈≈≈
≈≈≈≈#≈##≈###≈≈#≈.≈#≈#≈##
≈≈.._.8≈_≈.≈_..._≈8._≈8≈
≈.≈≈.≈≈..≈.≈≈≈≈...≈...≈.
≈..≈≈≈≈≈≈≈≈.≈..≈≈≈....≈≈
#≈≈≈≈.@≈≈≈≈≈..≈≈≈≈≈.≈..
≈≈....≈≈...≈≈.≈.≈≈...≈≈.
≈...≈.≈....≈...≈..≈.....
≈#.≈..8._....≈.._.8≈_...
≈≈#≈#.#≈#≈≈###.≈#≈.#≈.##
≈≈≈≈≈≈≈≈≈≈≈≈≈≈≈≈≈≈≈≈≈≈≈≈
≈≈≈≈≈≈≈≈≈≈≈≈≈≈≈≈≈≈≈≈≈≈≈≈
≈≈≈≈≈≈≈≈≈≈≈≈≈≈≈≈≈≈≈≈≈≈≈≈


There were no monsters in sight!

Vanquished Creatures
  The ghost of theblackcape the Magician, an amateur GnWn of Ashenzari (D:5)
  An ogre (D:5)
  A centaur (D:4)
  A howler monkey (D:4)
  A crimson imp (D:5)
  2 hounds
  A worker ant (D:4)
  4 adders
  A worm (D:2)
  An orc (D:3)
  A giant cockroach (D:2)
  2 kobolds (D:3)
  A quokka (D:5)
  A ball python (D:3)
  3 frilled lizards
  A leopard gecko skeleton (D:4)
  2 rats (D:3)
25 creatures vanquished.

Notes
Turn   | Place    | Note
-------+----------+-------------------------------------------
     0 | D:1      | tidbits the Gnoll Skald began the quest for the Orb.
     0 | D:1      | Reached XP level 1. HP: 20/20 MP: 6/6
    86 | D:2      | Reached XP level 2. HP: 4/26 MP: 0/7
    90 | D:2      | Learned a level 2 spell: Song of Slaying
    93 | D:2      | Learned a level 2 spell: Shroud of Golubria
    99 | D:2      | Found a hide-covered altar of Uskayaw.
   146 | D:3      | HP: 2/26 [kobold/whip (4)]
   148 | D:3      | Reached skill level 5 in Spellcasting
   148 | D:3      | Reached XP level 3. HP: 2/31 MP: 0/9
   158 | D:3      | Learned a level 3 spell: Regeneration
   162 | D:3      | Learned a level 3 spell: Spectral Weapon
   220 | D:3      | Reached skill level 1 in Invocations
   267 | D:3      | Found a burning altar of Makhleb.
   276 | D:3      | Reached skill level 1 in Short Blades
   276 | D:3      | Reached skill level 1 in Long Blades
   276 | D:3      | Reached skill level 1 in Maces & Flails
   276 | D:3      | Reached skill level 1 in Polearms
   276 | D:3      | Reached skill level 1 in Staves
   276 | D:3      | Reached skill level 1 in Slings
   276 | D:3      | Reached skill level 1 in Bows
   276 | D:3      | Reached skill level 1 in Crossbows
   276 | D:3      | Reached skill level 1 in Throwing
   276 | D:3      | Reached skill level 1 in Stealth
   276 | D:3      | Reached skill level 1 in Shields
   276 | D:3      | Reached skill level 1 in Unarmed Combat
   276 | D:3      | Reached skill level 1 in Evocations
   276 | D:3      | Reached XP level 4. HP: 7/38 MP: 2/11
   324 | D:3      | Found a deep blue altar of Sif Muna.
   358 | D:4      | Reached skill level 1 in Conjurations
   358 | D:4      | Reached skill level 1 in Hexes
   358 | D:4      | Reached skill level 1 in Summonings
   358 | D:4      | Reached skill level 1 in Necromancy
   358 | D:4      | Reached skill level 1 in Translocations
   358 | D:4      | Reached skill level 1 in Transmutations
   358 | D:4      | Reached skill level 1 in Fire Magic
   358 | D:4      | Reached skill level 1 in Ice Magic
   358 | D:4      | Reached skill level 1 in Air Magic
   358 | D:4      | Reached skill level 1 in Earth Magic
   358 | D:4      | Reached skill level 1 in Poison Magic
   378 | D:4      | Reached XP level 5. HP: 20/43 MP: 0/12
   384 | D:4      | Found a hazy altar of Hepliaklqana.
   412 | D:4      | Reached skill level 3 in Armour
   473 | D:4      | Noticed a centaur
   484 | D:4      | Killed a centaur
   484 | D:4      | Reached skill level 2 in Invocations
   484 | D:4      | Reached XP level 6. HP: 32/50 MP: 2/13
   498 | D:5      | Entered Level 5 of the Dungeon
   524 | D:5      | Reached skill level 5 in Fighting
   524 | D:5      | Reached skill level 2 in Short Blades
   524 | D:5      | Reached skill level 2 in Long Blades
   524 | D:5      | Reached skill level 5 in Axes
   524 | D:5      | Reached skill level 2 in Maces & Flails
   524 | D:5      | Reached skill level 2 in Polearms
   524 | D:5      | Reached skill level 2 in Staves
   524 | D:5      | Reached skill level 2 in Slings
   524 | D:5      | Reached skill level 2 in Bows
   524 | D:5      | Reached skill level 2 in Crossbows
   524 | D:5      | Reached skill level 2 in Throwing
   524 | D:5      | Reached skill level 5 in Dodging
   524 | D:5      | Reached skill level 2 in Stealth
   524 | D:5      | Reached skill level 2 in Shields
   524 | D:5      | Reached skill level 2 in Unarmed Combat
   524 | D:5      | Reached skill level 2 in Evocations
   558 | D:5      | Noticed theblackcape's ghost (amateur GnWn)
   574 | D:5      | Killed theblackcape's ghost
   574 | D:5      | Reached XP level 7. HP: 23/56 MP: 10/15
   624 | D:6      | Found a staircase to the Ecumenical Temple.
   633 | Temple   | Entered the Ecumenical Temple
   656 | Temple   | Quit the game

Skill      XL: |  1  2  3  4  5  6 |
---------------+-------------------+-----
Spellcasting   | 5 |  5.5
Invocations    | 1 2 |  2.6
Short Blades   | 1 2 |  2.3
Long Blades    | 1 2 |  2.3
Maces & Flails | 1 2 |  2.3
Polearms       | 1 2 |  2.3
Staves         | 1 2 |  2.3
Slings         | 1 2 |  2.3
Bows           | 1 2 |  2.3
Crossbows      | 1 2 |  2.3
Throwing       | 1 2 |  2.3
Stealth        | 1 2 |  2.3
Shields        | 1 2 |  2.3
Unarmed Combat | 1 2 |  2.3
Evocations     | 1 2 |  2.3
Conjurations   | 1 |  1.9
Hexes          | 1 |  1.9
Summonings     | 1 |  1.9
Necromancy     | 1 |  1.9
Translocations | 1 |  1.9
Transmutations | 1 |  1.9
Fire Magic     | 1 |  1.9
Ice Magic      | 1 |  1.9
Air Magic      | 1 |  1.9
Earth Magic    | 1 |  1.9
Poison Magic   | 1 |  1.9
Armour         | 3 |  3.5
Fighting       | 5 |  5.2
Axes           | 5 |  5.2
Dodging        | 5 |  5.2
Charms         | |  5.8

Action                   |  1- 3 |  4- 6 |  7- 9 || total
-------------------------+-------+-------+-------++-------
Melee: Hand axe          |    39 |    22 |       ||    61
       Bite              |     2 |     5 |     1 ||     8
       War axe           |       |    22 |     6 ||    28
Throw: Stone             |       |     1 |       ||     1
       Tomahawk          |       |     3 |       ||     3
 Cast: Infusion          |     4 |     1 |       ||     5
       Regeneration      |     1 |     3 |     2 ||     6
       Spectral Weapon   |     1 |     3 |     1 ||     5
       Shroud of Golubri |     1 |     2 |       ||     3
  Use: Potion            |     1 |     3 |       ||     4
 Stab: Sleeping          |     2 |       |       ||     2
Armor: Leather armour    |     1 |     7 |     1 ||     9
Dodge: Dodged            |    35 |    30 |     6 ||    71

Table legend:
 A = Turns spent in this place as a percentage of turns spent in the entire game.
 B = Non-inter-level travel turns spent in this place as a percentage of non-inter-level travel turns spent in the entire game.
 C = Inter-level travel turns spent in this place as a percentage of turns spent in this place.
 D = Turns resting spent in this place as a percentage of non-inter-level travel turns spent in this place.
 E = Turns spent auto-exploring this place as a percentage of non-inter-level travel turns spent in this place.
 F = Non-inter-level travel turns spent in this place divided by the number of levels of this place that you've seen.
                   A       B       C       D       E      F
               +-------+-------+-------+-------+-------+----------------------
         Total | 100.0 | 100.0 |   0.0 |   0.0 |   0.0 |  93.7
       Dungeon |  96.5 |  96.5 |   0.0 |   0.0 |   0.0 | 105.5
        Temple |   3.5 |   3.5 |   0.0 |   0.0 |   0.0 |  23.0
               +-------+-------+-------+-------+-------+----------------------

Table legend:
 A = Kills in this place as a percentage of kills in entire the game.
 B = Kills by you in this place as a percentage of kills by you in the entire game.
 C = Kills by friends in this place as a percentage of kills by friends in the entire game.
 D = Other kills in this place as a percentage of other kills in the entire game.
 E = Experience gained in this place as a percentage of experience gained in the entire game.
 F = Experience gained in this place divided by the number of levels of this place that you have seen.
                   A       B       C       D       E      F
               +-------+-------+-------+-------+-------+----------------------
         Total | 100.0 | 100.0 |   N/A |   N/A | 100.0 | 117.7
       Dungeon | 100.0 | 100.0 |   N/A |   N/A | 100.0 | 137.3
               +-------+-------+-------+-------+-------+----------------------

Vault maps used:
D:1:      minmay_arrival_hallway, minmay_split_cup_large
D:2:      eat_drink_and_be_merry_uskayaw, lemuel_coloured_pillars_altar,
          kennysheep_generic_room_13
D:3:      lemuel_doored_altar, makhleb_blood_cavern_becter, minivault_26
D:4:      nicolae_overflow_crystal_walls, serial_shops, shop, shop, shop,
          kennysheep_small_square, uniq_menkaure
D:5:      first_ration
D:6:      gammafunk_temple_overflow_claw, minmay_temple_entry_junction,
          serial_shops, kennysheep_little_box, uniq_eustachio
Temple:   chequers_temple_sunken
